 Dungeon Crawl Stone Soup version 0.13-a0-1502-g99810c3 (webtiles) character file.

8977 Kae the Slicer (level 11, -1/47 HPs)
             Began as a Spriggan Enchanter on June 9, 2013.
             Was an Elder of Nemelex Xobeh.
             Killed by the air
             ... invoked by Gastronok
              (16 damage)
             ... on Level 3 of the Lair of Beasts.
             The game lasted 00:39:39 (13638 turns).

Kae the Slicer (Spriggan Enchanter)                Turns: 13638, Time: 00:39:40

HP  -1/47        AC  9     Str  7      XL: 11   Next: 10%
MP   0/29        EV 18     Int 17      God: Nemelex Xobeh [****..]
Gold 460         SH  0     Dex 17      Spells:  3 memorised, 13 levels left

Res.Fire  : . . .   See Invis. : +   e - +1,+2 elf dagger (protect)
Res.Cold  : . . .   Warding    : .   b - +2 robe
Life Prot.: . . .   Conserve   : .   (shield restricted)
Res.Poison: +       Res.Corr.  : .   (helmet restricted)
Res.Elec. : .       Clarity    : .   (no cloak)
Sust.Abil.: . .     Spirit.Shd : +   (gloves unavailable)
Res.Mut.  : .       Stasis     : .   (boots unavailable)
Res.Rott. : .       Flight     : .   E - amulet of guardian spirit
Saprovore : . . .                    y - ring of poison resistance
                                     (no ring)

@: burdened, very quick, quite resistant to hostile enchantments, quite stealthy
A: unfitting armour, see invisible, herbivore 3, speed 3, slow metabolism 2
a: Draw One, Peek at Two, Triple Draw, Deal Four, Renounce Religion


You were on level 3 of the Lair of Beasts.
You worshipped Nemelex Xobeh.
Nemelex Xobeh was extremely pleased with you.
You were encumbered.
You were very hungry.

You visited 3 branches of the dungeon, and saw 13 of its levels.

You collected 578 gold pieces.
You spent 138 gold pieces at shops.

Inventory:

Hand weapons
 e - a +1,+2 elven dagger of protection (weapon)
Missiles
 d - 12 darts (quivered)
Armour
 b - a +2 robe (worn)
Magical devices
 r - a wand of digging (8) {unknown}
Comestibles
 a - 6 apricots
 o - 6 bread rations
 A - a choko
 D - 4 apples
 K - 3 pears
Scrolls
 f - 7 scrolls of remove curse
 g - a scroll of enchant weapon I
 i - a scroll of amnesia
 m - 4 scrolls of identify
 n - 10 scrolls of teleportation
 q - 2 scrolls of fear
 t - 2 scrolls of random uselessness {unknown}
 C - 4 scrolls of fog
 H - 5 scrolls of blinking
 J - 4 scrolls of enchant armour
Jewellery
 p - a cursed ring of teleportation {unknown}
 u - an uncursed ring of life protection {unknown}
 y - a ring of poison resistance (right hand)
 E - an amulet of guardian spirit (around neck)
Potions
 h - 11 potions of curing
 j - 3 potions of restore abilities
 l - a potion of degeneration {unknown}
 s - 2 potions of flight
 v - a potion of brilliance {unknown}
 w - a potion of invisibility {unknown}
 x - 5 potions of heal wounds
 z - 2 potions of magic
Books
 c - a book of Maledictions

   Spells                             Type                      Level
   Corona                             Hexes                        1
   Sure Blade                         Hexes/Charms                 2
   *Ensorcelled Hibernation           Hexes/Ice                    2
   *Confuse                           Hexes                        3
   Enslavement                        Hexes                        4
   *Invisibility                      Hexes                        6
Miscellaneous
 k - a legendary deck of destruction {the Spark}
 B - an ornate deck of summonings
 Q - a legendary deck of summonings {the Herd}


   Skills:
 * Level 11.5 Short Blades
 - Level 1.1 Throwing
 - Level 3.0 Dodging
 + Level 11.4 Stealth
 - Level 7.0 Spellcasting
 * Level 11.1 Hexes
 + Level 6.1 Evocations


You had 13 spell levels left.
You knew the following spells:

 Your Spells              Type           Power        Failure   Level  Hunger
a - Confuse               Hex            #####...     1%          3    ##.....
b - Ensorcelled Hibernat  Hex/Ice        ###...       1%          2    None
c - Invisibility          Hex            #####...     21%         6    #######


Dungeon Overview and Level Annotations

Branches:
Dungeon (9/27)             Temple (1/1) D:4             Orc (0/4) D:7
   Lair (3/8) D:9
  Swamp: Lair:3-6    Shoals: Lair:3-6     Snake: Lair:3-6    Spider: Lair:3-6

Altars:
Ashenzari
Fedhas
Kikubaaqudgha
Makhleb
Nemelex Xobeh
Sif Muna
Vehumet
Xom
Yredelemnul
Zin

Shops:
D:4: ? D:5: [

Annotations
Lair:3 Gastronok


Innate Abilities, Weirdness & Mutations

You are tiny and cannot use many weapons and most armour.
You have supernaturally acute eyesight.
You are a herbivore.
You cover ground extremely quickly.
You need consume almost no food.


Message History

Aiming: Ensorcelled Hibernation
Press: ? - help, Shift-Dir - straight line, f/p - Gastronok
Aim: Gastronok wearing a runed wizard hat (severely wounded)
The sheep easily resists.
Gastronok bubbles merrily.
The sheep barely misses you.
You open the door. 3 sheep and a hippogriff come into view.
You are feeling very hungry.
The sheep moves out of view.
The sheep closely misses you. The sheep closely misses you.
There is an open door here.
You hit the sheep.
The sheep is lightly wounded.
The sheep misses you. The sheep bites you.
Gastronok gurgles, "It's true, you are what you eat."
Gastronok waves his eye-stalks in wide circles.
The air twists around and strikes you!
You die...
Your body glows with a rainbow of weird colours and disappears.

#...##### f........#
..........######
.................
....f.#f..f.##.#.#
.........j.........
#####.P..#PY.......
........YY'Y........
.####..#$##@.H......
###>.....YY......<
..........<........
..#f.#...##.##....#
......... ..# ###
##..#.#P.#..#
##..........
#...#.....##
..###..#.Y


You could see Gastronok, a hippogriff and 6 sheep.

Vanquished Creatures
  A hill giant (D:7)
  The ghost of Kae the Basher, an experienced MiBe of Trog (D:6)
  A black mamba (Lair:2)
  2 spiny frogs
  An item mimic (D:8)
  Grinder (D:5)
  3 komodo dragons
  A basilisk (Lair:1)
  A wyvern (D:8)
  A hungry ghost (D:8)
  3 hippogriffs
  2 fire drakes
  2 orc warriors
  A hippogriff zombie (D:8)
  A phantom (D:7)
  A sky beast (D:7)
  4 ogres
  4 crocodiles (Lair:2)
  Duvessa (D:4)
  4 centaurs
  2 giant slugs (Lair:2)
  3 water moccasins
  A naga (D:8)
  7 giant frogs
  A gnoll sergeant (D:7)
  6 agate snails (Lair:2)
  A giant frog skeleton (D:7)
  3 crimson imps
  4 goliath beetles
  Dowan (D:5)
  2 hounds
  3 scorpions
  4 orc priests
  2 iguanas
  7 orc wizards
  A deep elf soldier (D:8)
  A porcupine (Lair:3)
  5 worker ants
  Ijyb (D:2)
  A jelly (D:7)
  11 adders
  3 gnolls (D:7)
  15 green rats (Lair:2)
  A scorpion zombie (D:6)
  5 worms
  2 bat zombies
  A giant eyeball (D:5)
  7 giant geckos
  An ooze (D:4)
  23 orcs
  3 giant cockroaches
  8 goblins
  8 hobgoblins
  15 kobolds
  8 quokkas
  3 ball pythons
  8 bats
  A giant gecko skeleton (D:4)
  2 giant newts
  A giant spore (D:7)
  10 jackals
  2 quokka skeletons
  15 rats
  A rat skeleton (D:5)
  8 ballistomycetes
254 creatures vanquished.

Vanquished Creatures (others)
  3 orcs
  A bat (D:6)
  A giant spore (D:6)
  A jackal (D:1)
  An orc skeleton (D:7)
7 creatures vanquished.

Grand Total: 261 creatures vanquished

Notes
Turn   | Place    | Note
--------------------------------------------------------------
     0 | D:1      | Kae, the Spriggan Enchanter, began the quest for the Orb.
     0 | D:1      | Reached XP level 1. HP: 9/9 MP: 4/4
   244 | D:1      | Reached XP level 2. HP: 11/13 MP: 6/6
   248 | D:1      | Learned a level 2 spell: Ensorcelled Hibernation
   534 | D:1      | Reached skill level 4 in Hexes
   770 | D:1      | Reached XP level 3. HP: 9/16 MP: 2/9
  1596 | D:2      | Noticed Ijyb
  1610 | D:2      | Killed Ijyb
  1639 | D:2      | Reached XP level 4. HP: 11/21 MP: 10/12
  2346 | D:3      | Found a blossoming altar of Fedhas.
  2493 | D:3      | Reached XP level 5. HP: 20/24 MP: 0/15
  2782 | D:3      | Found a burning altar of Makhleb.
  2784 | D:3      | Noticed a green death
  2977 | D:4      | Reached skill level 5 in Stealth
  3082 | D:4      | Found a deep blue altar of Sif Muna.
  3087 | D:4      | Found Trownudd's Magic Scroll Emporium.
  3103 | D:4      | Bought a scroll of remove curse for 36 gold pieces
  3103 | D:4      | Bought a scroll of teleportation for 36 gold pieces
  3103 | D:4      | Bought a scroll of fear for 42 gold pieces
  3103 | D:4      | Bought a scroll of fog for 24 gold pieces
  3371 | D:4      | Found an ancient bone altar of Kikubaaqudgha.
  3387 | D:4      | Found a staircase to the Ecumenical Temple.
  3388 | D:4      | Found a sparkling altar of Nemelex Xobeh.
  3559 | D:4      | Became a worshipper of Nemelex Xobeh
  3698 | D:4      | Received a gift from Nemelex Xobeh
  4195 | Temple   | Entered the Ecumenical Temple
  4302 | Temple   | Learned a level 3 spell: Confuse
  4338 | D:5      | Entered Level 5 of the Dungeon
  4353 | D:5      | Found Unlam's Antique Armour Boutique.
  4423 | D:5      | Reached XP level 6. HP: 21/28 MP: 8/18
  4446 | D:5      | Noticed Grinder
  4446 | D:5      | Noticed Dowan
  4470 | D:5      | Killed Dowan
  4470 | D:5      | Reached skill level 5 in Hexes
  4535 | D:5      | Paralysed by Grinder for 6 turns
  4563 | D:5      | Paralysed by Grinder for 4 turns
  4588 | D:5      | Killed Grinder
  4588 | D:5      | Reached skill level 5 in Short Blades
  4588 | D:5      | Reached skill level 6 in Stealth
  4588 | D:5      | Reached XP level 7. HP: 18/32 MP: 3/20
  4756 | D:5      | Paralysed by a giant eyeball for 4 turns
  4768 | D:5      | Noticed an ogre
  4769 | D:5      | Paralysed by a giant eyeball for 2 turns
  4885 | D:5      | Noticed Duvessa
  4955 | D:4      | Killed Duvessa
  5176 | D:5      | Killed an ogre
  5304 | D:5      | Acquired Nemelex Xobeh's first power
  5534 | D:6      | Noticed Kae's ghost (experienced MiBe)
  5839 | D:6      | Killed Kae's ghost
  5839 | D:6      | Reached skill level 7 in Stealth
  5839 | D:6      | Reached skill level 5 in Spellcasting
  5839 | D:6      | Reached XP level 8. HP: 19/36 MP: 9/23
  6557 | D:6      | Reached skill level 8 in Stealth
  6781 | D:7      | Found a basalt altar of Yredelemnul.
  6859 | D:7      | Reached XP level 9. HP: 39/39 MP: 21/25
  6955 | D:7      | Found a staircase to the Orcish Mines.
  7034 | D:7      | Acquired Nemelex Xobeh's second power
  7373 | D:7      | Found a glowing silver altar of Zin.
  7435 | D:7      | Found a shattered altar of Ashenzari.
  7639 | D:7      | Reached skill level 9 in Stealth
  7860 | D:7      | Noticed a hill giant
  7871 | D:7      | Killed a hill giant
  7876 | D:7      | Found a shimmering altar of Xom.
  8264 | D:7      | Acquired Nemelex Xobeh's third power
  8564 | D:8      | Received a gift from Nemelex Xobeh
  9156 | D:8      | Killed a potion mimic
  9156 | D:8      | Reached skill level 1 in Evocations
  9332 | D:8      | Reached XP level 10. HP: 34/44 MP: 17/28
  9900 | D:8      | Learned a level 6 spell: Invisibility
 10054 | D:8      | Reached skill level 10 in Stealth
 10276 | D:9      | Reached skill level 10 in Short Blades
 10400 | D:9      | Found a basalt altar of Yredelemnul.
 10424 | D:9      | Received a gift from Nemelex Xobeh
 10433 | D:9      | Found a staircase to the Lair.
 11194 | Lair:1   | Entered Level 1 of the Lair of Beasts
 11701 | Lair:1   | Received a gift from Nemelex Xobeh
 11759 | Lair:1   | Reached skill level 10 in Hexes
 11775 | Lair:1   | Acquired Nemelex Xobeh's fourth power
 11935 | Lair:1   | Reached skill level 5 in Evocations
 12234 | Lair:2   | Found a radiant altar of Vehumet.
 12281 | Lair:2   | Noticed a black mamba
 12289 | Lair:2   | Killed a black mamba
 12289 | Lair:2   | Reached skill level 11 in Short Blades
 12645 | Lair:2   | Reached XP level 11. HP: 43/47 MP: 15/29
 13310 | Lair:2   | Received a gift from Nemelex Xobeh
 13613 | Lair:3   | Noticed Gastronok
 13638 | Lair:3   | Killed from afar by Gastronok

Action                   |  1- 3 |  4- 6 |  7- 9 | 10-12 || total
-------------------------+-------+-------+-------+-------++-------
Melee: Dagger            |   151 |   141 |   431 |   186 ||   909
Throw: Dart              |       |       |     1 |       ||     1
 Cast: Ensorcelled Hiber |     4 |    25 |   101 |   119 ||   249
       Confuse           |       |     3 |    22 |    17 ||    42
Evoke: Wand              |       |       |     2 |       ||     2
  Use: Scroll            |       |    10 |    16 |     5 ||    31
       Potion            |       |     1 |       |       ||     1
 Stab: Sleeping          |     8 |    28 |    53 |    71 ||   160
       Distracted        |       |     1 |     1 |       ||     2
       Confused          |       |     2 |    11 |     9 ||    22
